 Dungeon Crawl Stone Soup version 0.24.0-1-gfbc8707122 (webtiles) character file.

Game seed: 16236514174069466337, levelgen mode: deterministic

30 Esekla the Charmwright (level 3, -10/20 HPs)
             Began as a Deep Elf Skald on Oct 28, 2019.
             Mangled by Sigmund
             ... wielding a +0 scythe
              (13 damage)
             ... on level 2 of the Dungeon.
             The game lasted 00:08:43 (1405 turns).

Esekla the Charmwright (Deep Elf Skald)             Turns: 1405, Time: 00:08:44

Health: -10/20     AC:  4    Str:  8    XL:     3   Next: 3%
Magic:  5/9        EV: 12    Int: 17    God:
Gold:   59         SH:  0    Dex: 15    Spells: 3/8 levels left

rFire    + . .     SeeInvis .   a - +0 falchion
rCold    + . .     Gourm    .   (no shield)
rNeg     . . .     Faith    .   b - +0 leather armour
rPois    .         Spirit   .   (no helmet)
rElec    .         Reflect  .   g - scarf {rC+ rF+}
rCorr    .         Harm     .   (no gloves)
MR       .....                  e - +0 pair of boots
Stlth    +.........             (no amulet)
HPRegen  0.06/turn              (no ring)
MPRegen  0.11/turn              (no ring)

@: confused, singing
A: no striking features
a: no special abilities


You were on level 2 of the Dungeon.
You were very hungry.

You visited 1 branch of the dungeon, and saw 2 of its levels.

You collected 59 gold pieces.

Inventory:

Hand Weapons
 a - a +0 falchion (weapon)
Armour
 b - a +0 leather armour (worn)
 e - a +0 pair of boots (worn)
 g - a scarf of resistance (worn)
Scrolls
 c - 4 scrolls of identify {unknown}
 i - a scroll of noise {unknown}
 j - a scroll of random uselessness {unknown}
 k - a scroll of remove curse {unknown}
 m - 3 scrolls of fear {unknown}
 n - a scroll of fog {unknown}
Potions
 f - a potion of might {unknown}
 h - a potion of resistance {unknown}
 l - a potion of curing {unknown}
 o - a potion of cancellation {unknown}
Comestibles
 d - 3 rations


   Skills:
 - Level 1.5 Fighting
 * Level 2.8 Long Blades
 + Level 1.0 Armour
 + Level 2.6 Dodging
 + Level 0.3 Stealth
 + Level 3.2 Spellcasting
 - Level 4.4 Charms


You had 3 spell levels left.
You knew the following spells:

 Your Spells              Type           Power        Failure   Level  Hunger
a - Infusion              Chrm           ###.         4%          1    None
b - Shroud of Golubria    Chrm/Tloc      ##....       14%         2    ##.....
c - Song of Slaying       Chrm           ###.....     6%          2    ##.....

Your spell library contained the following spells:

 Spells                   Type           Power        Failure   Level  Hunger
 Regeneration             Chrm/Necr      ##........   28%         3    ###....
 Spectral Weapon          Hex/Chrm       ##......     28%         3    ###....


Dungeon Overview and Level Annotations

Branches:
Dungeon (2/15)

Altars:

Annotations:
D:2 Sigmund


Message History

You barely miss the goblin.
The goblin is severely wounded.
Something hits you.
Your shroud falls apart!
The goblin misses you.
You hit the goblin.
You kill the goblin!
You hear some strange, mumbled words.
You are confused.
Something hits you!
Ouch! That really hurt!
* * * LOW HITPOINT WARNING * * *
You miss something.
You bump into the rock wall.
You hear some strange, mumbled words.
A puff of flame appears from out of thin air!
The puff of flame misses you.
You bump into the rock wall.
Something hits you!
Ouch! That really hurt!
You die...

###### #)...# #####
##.#.## #...#
#[#..### #...##
#.##.l.### #....#
#.####.g.####g#.#
#@# ###.@.##.#.#
###.########†##.#g##
#.........##....#.@#
#....>....####..##.#
#.........# #..##.#
#....<....# #..##..
#...†>....# ##.###.
#.........# #.. #.
#.........# #..###


There were no monsters in sight!

Vanquished Creatures
  A dart slug (D:1)
  2 giant cockroaches (D:1)
  2 goblins
  4 hobgoblins
  3 kobolds (D:1)
  7 bats
  4 frilled lizards
  5 rats (D:1)
28 creatures vanquished.

Notes
Turn   | Place    | Note
-------+----------+-------------------------------------------
     0 | D:1      | Esekla the Deep Elf Skald began the quest for the Orb.
     0 | D:1      | Reached XP level 1. HP: 12/12 MP: 6/6
   386 | D:1      | Reached XP level 2. HP: 16/16 MP: 8/8
   395 | D:1      | Learned a level 2 spell: Shroud of Golubria
   398 | D:1      | Learned a level 2 spell: Song of Slaying
  1136 | D:1      | Reached skill level 1 in Armour
  1359 | D:2      | Noticed Sigmund
  1393 | D:2      | Reached XP level 3. HP: 20/20 MP: 4/9
  1405 | D:2      | Mangled by Sigmund

Levels and vault maps discovered:
D:1:      scummos_arrival_forest, layout_loops_ring
D:2:      layout_rooms, overflow_temple_1_default, first_ration,
          minmay_misc_feat_chi, kennysheep_crisscross, bh_walls_and_bars,
          uniq_sigmund, uniq_robin

Skill      XL: |  1  2 |
---------------+-------+-----
Long Blades    | 2 |  2.8
Armour         | 1 |  1.0
Fighting       | |  1.5
Dodging        | |  2.6
Stealth        | |  0.3
Spellcasting   | |  3.2
Charms         | |  4.4

Action                   || total
-------------------------++-------
Melee: Falchion          ||    91
 Cast: Infusion          ||     2
       Shroud of Golubri ||     6
       Song of Slaying   ||     2
  Eat: Chunk             ||     1
Armor: Leather armour    ||    31
Dodge: Dodged            ||    78
       Rpst.: Falchion   ||    32
